 Dungeon Crawl Stone Soup version 0.29-a0-648-g6b26cc9f40 (webtiles) character file.

Game seed: 4024574549103192953

428 croobank the Covert (level 6, -8/53 HPs)
             Began as a Gnoll Delver on June 20, 2022.
             Mangled by Menkaure (12 damage)
             ... on level 4 of the Dungeon.
             The game lasted 00:17:09 (4275 turns).

croobank the Covert (Gnoll Delver)                  Turns: 4275, Time: 00:17:10

Health: -8/53      AC: 10    Str: 12    XL:     6   Next: 98%
Magic:  9/9        EV: 13    Int: 11    God:
Gold:   268        SH:  0    Dex: 13    Spells: 8/9 levels left

rFire   . . .      SeeInvis .   j - +0 dagger
rCold   . . .      Faith    .   (no shield)
rNeg    . . .      Spirit   .   k - +3 leather armour
rPois   +          Reflect  .   (no helmet)
rElec   .          Harm     .   (no cloak)
rCorr   .          Rampage  .   (no gloves)
Will    .....                   (no boots)
Stlth   ++++......              (no amulet)
HPRegen 0.17/turn               n - +4 ring of protection
MPRegen 0.11/turn               u - ring of poison resistance

@: about to teleport, hasted, very quick
A: fangs 1, strong nose, distributed training
a: no special abilities


You were on level 4 of the Dungeon.
You visited 1 branch of the dungeon, and saw 6 of its levels.

You collected 268 gold pieces.

Inventory:

Hand Weapons
 a - a +0 hand axe
 j - a +0 dagger (weapon)
 o - a +2 vampiric halberd
 D - a +0 vampiric long sword
 H - a +2 glaive of venom
Missiles
 h - 6 silver javelins (quivered)
 F - 9 poisoned darts
Armour
 k - a +3 leather armour (worn)
 m - a +2 kite shield
 y - a +0 tower shield
 A - a +1 scale mail of positive energy
 J - a +0 buckler
Jewellery
 b - a ring of magical power
 n - a +4 ring of protection (left hand)
 u - a ring of poison resistance (right hand)
Wands
 f - a wand of mindburst (11)
 g - a wand of digging (3)
Scrolls
 c - a scroll of fog
 d - 4 scrolls of magic mapping
 e - 2 scrolls of fear
 i - a scroll of noise
 v - a scroll of teleportation
 w - 5 scrolls of identify {unknown}
 x - a scroll of amnesia {unknown}
 G - a scroll of immolation {unknown}
 I - a scroll of vulnerability {unknown}
Potions
 p - a potion of invisibility {unknown}
 r - a potion of heal wounds {unknown}
 s - 3 potions of attraction {unknown}
 t - a potion of brilliance {unknown}
 z - 2 potions of flight {unknown}
 B - a potion of ambrosia {unknown}
 C - a potion of cancellation {unknown}
 E - 4 potions of curing {unknown}


   Skills:
 + Level 6.9 Fighting
 + Level 2.2 Short Blades
 + Level 2.2 Long Blades
 + Level 5.1 Axes
 + Level 2.2 Maces & Flails
 + Level 2.2 Polearms
 + Level 2.2 Staves
 + Level 2.2 Slings
 + Level 2.2 Bows
 + Level 2.2 Crossbows
 + Level 2.2 Throwing
 + Level 2.2 Armour
 + Level 5.1 Dodging
 + Level 9.8 Stealth
 + Level 2.2 Shields
 + Level 2.2 Unarmed Combat
 + Level 2.2 Spellcasting
 + Level 1.7 Conjurations
 + Level 1.7 Hexes
 + Level 1.7 Summonings
 + Level 1.7 Necromancy
 + Level 1.7 Translocations
 + Level 1.7 Transmutations
 + Level 1.7 Fire Magic
 + Level 1.7 Ice Magic
 + Level 1.7 Air Magic
 + Level 1.7 Earth Magic
 + Level 1.7 Poison Magic
 + Level 2.4 Invocations
 + Level 2.2 Evocations


You had 8 spell levels left.
You knew the following spells:

 Your Spells              Type           Power      Damage    Failure   Level
a - Apportation           Tloc           10%        N/A       19%         1

Your spell library contained the following spells:

 Spells                   Type           Power      Damage    Failure   Level
 Necrotize                Necr           20%        1d5       19%         1
 Summon Small Mammal      Summ           20%        N/A       19%         1
 Confusing Touch          Hex            5%         N/A       47%         3
 Fulminant Prism          Conj/Hex       2%         3d6       87%         4
 Iskenderun's Mystic Bla  Conj/Tloc      5%         2d3       87%         4
 Lee's Rapid Deconstruct  Erth           2%         3d6*      99%         5
 Yara's Violent Unravell  Hex/Tmut       2%         3d3       99%         5
 Enfeeble                 Hex            2%         N/A       100%        7


Dungeon Overview and Level Annotations

Branches:
Dungeon (6/15)             Temple (0/1) D:4

Altars:
Hepliaklqana

Annotations:
D:4 Menkaure


Innate Abilities, Weirdness & Mutations

You have very sharp teeth.
Your uncanny sense of smell can sniff out nearby items.
Your experience applies equally to all skills.


Message History

Menkaure shouts!
You hit Menkaure.
Menkaure is lightly damaged.
Menkaure hits you!
You completely miss Menkaure.
Menkaure is lightly damaged.
You barely miss Menkaure.
Menkaure is lightly damaged.
Menkaure barely misses you.
You hit Menkaure.
Menkaure is lightly damaged.
You barely miss Menkaure. You bite Menkaure, but do no damage.
Menkaure is lightly damaged.
Menkaure casts a spell.
Menkaure seems to speed up.
You hit Menkaure.
Menkaure is lightly damaged.
You hit Menkaure but do no damage.
Menkaure is lightly damaged.
Menkaure hits you but does no damage.
You hit Menkaure but do no damage.
Menkaure is lightly damaged.
Menkaure hits you!
You closely miss Menkaure.
Menkaure is lightly damaged.
You hit Menkaure but do no damage.
Menkaure is lightly damaged.
Menkaure hits you!
You hit Menkaure but do no damage.
Menkaure is lightly damaged.
Menkaure closely misses you.
You hit Menkaure but do no damage.
Menkaure is lightly damaged.
Menkaure giggles, "These cerements are ticklish..."
Menkaure hits you!
* * * LOW HITPOINT WARNING * * *
Unknown command.
As you read the scroll of teleportation, it crumbles to dust.
You feel strangely unstable. Menkaure hits you!
You die...

## ##....## .# ######
##.....### .....########
#.........
####........###.......##
########...#......... ##
###........### .####
###......## ....#
#.......#
###.###########.@.....#
#.............M.......
##############?.....##
##...#..# #### .8 >


You could see Menkaure (fast).

Vanquished Creatures
  A necrophage (D:4)
  Blork the orc (D:4)
  2 scorpions
  Terence (D:2)
  An orc wizard (D:4)
  3 gnolls (D:4)
  4 adders
  4 worms (D:3)
  3 dart slugs
  2 orcs (D:3)
  4 bats
  6 endoplasms
  4 giant cockroaches
  2 goblins
  5 hobgoblins
  2 jackals (D:3)
  4 quokkas
  6 ball pythons
  2 frilled lizards
  3 kobolds
  4 rats
64 creatures vanquished.

Vanquished Creatures (others)
  An orc (D:4)
1 creature vanquished.

Grand Total: 65 creatures vanquished

Notes
Turn   | Place    | Note
-------+----------+-------------------------------------------
     0 | D:5      | Reached skill level 9 in Stealth
     0 | D:5      | croobank the Gnoll Delver began the quest for the Orb.
     0 | D:5      | Reached XP level 1. HP: 23/23 MP: 1/1
    22 | D:5      | Noticed a necrophage
    86 | D:4      | Noticed a necrophage
    94 | D:5      | Noticed a hound
   145 | D:6      | Noticed a phantom
   198 | D:3      | Reached XP level 2. HP: 29/29 MP: 2/2
   517 | D:2      | Reached XP level 3. HP: 14/35 MP: 3/3
   752 | D:2      | Reached skill level 1 in Invocations
   822 | D:2      | Found a hazy altar of Hepliaklqana.
   837 | D:2      | Reached skill level 1 in Short Blades
   837 | D:2      | Reached skill level 1 in Long Blades
   837 | D:2      | Reached skill level 1 in Maces & Flails
   837 | D:2      | Reached skill level 1 in Polearms
   837 | D:2      | Reached skill level 1 in Staves
   837 | D:2      | Reached skill level 1 in Slings
   837 | D:2      | Reached skill level 1 in Bows
   837 | D:2      | Reached skill level 1 in Crossbows
   837 | D:2      | Reached skill level 1 in Throwing
   837 | D:2      | Reached skill level 1 in Armour
   837 | D:2      | Reached skill level 1 in Shields
   837 | D:2      | Reached skill level 1 in Unarmed Combat
   837 | D:2      | Reached skill level 1 in Spellcasting
   837 | D:2      | Reached skill level 1 in Evocations
   896 | D:2      | Learned a level 1 spell: Apportation
  1088 | D:2      | Noticed Terence
  1177 | D:1      | Reached XP level 4. HP: 41/41 MP: 5/5
  1711 | D:1      | Found a faded altar of an unknown god.
  1879 | D:2      | Killed Terence
  1880 | D:2      | Reached skill level 1 in Conjurations
  1880 | D:2      | Reached skill level 1 in Hexes
  1880 | D:2      | Reached skill level 1 in Summonings
  1880 | D:2      | Reached skill level 1 in Necromancy
  1880 | D:2      | Reached skill level 1 in Translocations
  1880 | D:2      | Reached skill level 1 in Transmutations
  1880 | D:2      | Reached skill level 1 in Fire Magic
  1880 | D:2      | Reached skill level 1 in Ice Magic
  1880 | D:2      | Reached skill level 1 in Air Magic
  1880 | D:2      | Reached skill level 1 in Earth Magic
  1880 | D:2      | Reached skill level 1 in Poison Magic
  2137 | D:3      | Reached XP level 5. HP: 41/47 MP: 6/6
  3677 | D:4      | Reached XP level 6. HP: 52/53 MP: 8/8
  3695 | D:4      | Noticed Blork the orc
  3698 | D:4      | Killed Blork the orc
  3699 | D:4      | Reached skill level 5 in Axes
  3699 | D:4      | Reached skill level 5 in Dodging
  4083 | D:4      | Noticed Menkaure
  4261 | D:4      | Found a staircase to the Ecumenical Temple.
  4275 | D:4      | Mangled by Menkaure

Illustrated notes

Levels and vault maps discovered:
D:1:      ncdulo_smallfort, layout_basic,
          hellmonk_ecumenical_altar_inner_sanctum
D:2:      layout_rooms, basic_altar, dreamdust_wishing_well, uniq_terence
D:3:      layout_basic, serial_glass, glass_columns_b, glass_columns_a
D:4:      layout_rooms, temple_statues, uniq_menkaure, uniq_blork_the_orc
D:5:      layout_gridville, uniq_grinder
D:6:      layout_basic, gammafunk_temple_overflow_pools, serial_undead,
          serial_undead_f, serial_undead_c, serial_undead_e, serial_undead_c,
          serial_undead_e, serial_undead_f, serial_undead_b, serial_undead_e

Skill      XL: |  1  2  3  4  5  6 |
---------------+-------------------+-----
Stealth        | |  9.8
Invocations    | 1 2 |  2.4
Short Blades   | 1 2 |  2.2
Long Blades    | 1 2 |  2.2
Maces & Flails | 1 2 |  2.2
Polearms       | 1 2 |  2.2
Staves         | 1 2 |  2.2
Slings         | 1 2 |  2.2
Bows           | 1 2 |  2.2
Crossbows      | 1 2 |  2.2
Throwing       | 1 2 |  2.2
Armour         | 1 2 |  2.2
Shields        | 1 2 |  2.2
Unarmed Combat | 1 2 |  2.2
Spellcasting   | 1 2 |  2.2
Evocations     | 1 2 |  2.2
Conjurations   | 1 |  1.7
Hexes          | 1 |  1.7
Summonings     | 1 |  1.7
Necromancy     | 1 |  1.7
Translocations | 1 |  1.7
Transmutations | 1 |  1.7
Fire Magic     | 1 |  1.7
Ice Magic      | 1 |  1.7
Air Magic      | 1 |  1.7
Earth Magic    | 1 |  1.7
Poison Magic   | 1 |  1.7
Axes           | 5 |  5.1
Dodging        | 5 |  5.1
Fighting       | |  6.9

Action                   |  1- 3 |  4- 6 || total
-------------------------+-------+-------++-------
Melee: Hand axe          |    57 |   161 ||   218
       Bite              |     9 |    35 ||    44
       Dagger            |    32 |   124 ||   156
       Punch             |       |     1 ||     1
Evoke: Wand              |       |     2 ||     2
  Use: Potion            |     1 |     2 ||     3
       Scroll            |       |     5 ||     5
 Stab: Sleeping          |    10 |    10 ||    20
Armor: Leather armour    |    27 |   100 ||   127
Dodge: Dodged            |    54 |   140 ||   194
Block: Kite shield       |    16 |   134 ||   150

Table legend: (Time is in decaauts)
 A = Elapsed time spent in this place.
 B = Non-inter-level travel time spent in this place.
 C = Inter-level travel time spent in this place.
 D = Time resting spent in this place.
 E = Time spent auto-exploring this place.
 F = Levels seen in this place.
 G = Mean time per level.
                   A        B        C        D        E       F      G
               +--------+--------+--------+--------+--------+-----+--------+
         Total |   4301 |   3934 |    367 |    849 |   1947 |   6 |  716.8 |
       Dungeon |   4301 |   3934 |    367 |    849 |   1947 |   6 |  716.8 |
               +--------+--------+--------+--------+--------+-----+--------+

Top non-repeatable levels by time:
     D:3: 1518 daAuts
     D:2: 1143 daAuts
     D:1: 765 daAuts
     D:4: 666 daAuts
     D:5: 200 daAuts
     D:6: 7 daAuts
